 Dungeon Crawl Stone Soup version 0.29.0-4-gdea44cf6ec (webtiles) character file.

Game seed: 11054253225123820939

237 qw the Chopper (level 6, -2/35 HPs)
             Began as a Tengu Warper on Aug 28, 2022.
             Slain by a gnoll
             ... wielding a +0 spear
             ... led by a gnoll bouda
              (5 damage)
             ... on level 5 of the Dungeon.
             The game lasted 00:00:21 (4586 turns).

qw the Chopper (Tengu Warper)                       Turns: 4586, Time: 00:00:21

Health: -2/35      AC:  6    Str: 14    XL:     6   Next: 6%
Magic:  10/10      EV: 11    Int: 13    God:
Gold:   248        SH:  0    Dex: 13    Spells: 9/9 levels left

rFire   . . .      SeeInvis .   Y - +1 hand axe
rCold   . . .      Faith    .   (no shield)
rNeg    . . .      Spirit   .   c - +0 scale mail
rPois   .          Reflect  .   (helmet restricted)
rElec   .          Harm     .   (no cloak)
rCorr   .          Rampage  .   (no gloves)
Will    +....                   (boots unavailable)
Stlth   ..........              n - amulet of regeneration
HPRegen 0.91/turn               i - ring of willpower
MPRegen 0.12/turn               (no ring)

@: weakened, flying quickly and evasively, quick
A: beak, talons 3, nimble flight
a: no special abilities


You were on level 5 of the Dungeon.
You visited 1 branch of the dungeon, and saw 5 of its levels.

You collected 248 gold pieces.


Innate Abilities, Weirdness & Mutations

You have a beak for a mouth.
You have claws for feet.
Your magical nature lets you fly swiftly and evasively.


   Skills:
 - Level 2.0 Fighting
 + Level 6.7 Axes
 - Level 1.0 Throwing
 - Level 1.1 Armour
 - Level 2.1 Dodging
 - Level 2.0 Spellcasting
 - Level 2.4 Translocations


You had 9 spell levels left.
You didn't know any spells.
Your spell library contained the following spells:

 Spells                   Type           Power      Damage    Failure   Level
 Blink                    Tloc           14%        N/A       54%         2
 Gell's Gravitas          Tloc           7%         N/A       77%         3
 Lesser Beckoning         Tloc           7%         N/A       77%         3
 Teleport Other           Tloc           7%         N/A       77%         3
 Manifold Assault         Tloc           7%         N/A       100%        5

Inventory:

Hand Weapons
 q - a +0 flail
 Y - a +1 hand axe (weapon)
Armour
 c - a +0 scale mail (worn)
Jewellery
 i - a ring of willpower (left hand)
 n - an amulet of regeneration (around neck)
Scrolls
 b - a scroll of noise {unknown}
 d - a scroll of brand weapon {unknown}
 k - a scroll of identify
Potions
 a - a potion of cancellation
 e - a potion of mutation {unknown}
 f - a potion of degeneration {unknown}
 h - 2 potions of curing
 j - a potion of attraction {unknown}
 l - a potion of flight {unknown}

Dungeon Overview and Level Annotations

Branches:
Dungeon (5/15)
 Temple: D:4-7

Altars:
Ashenzari
Dithmenos
Gozag
Qazlal
Ru
Xom
Yredelemnul


Message History

You closely miss the shadow imp. The shadow imp closely misses you.
The gnoll misses you.
You hit the gnoll. Your kick misses the gnoll.
The gnoll is heavily wounded.
You hit the gnoll bouda. You closely miss the shadow imp.
The gnoll closely misses you.
The shadow imp shouts, "Take thy face hence, thou quaking lightweight slime mould!"
The shadow imp hits you but does no damage.
The gnoll hits you from afar with a +0 spear.
The gnoll bouda hits you with a +0 club.
You slash the gnoll!
You kill the gnoll!
You closely miss the gnoll bouda. You completely miss the shadow imp.
The gnoll bouda gazes fiercely through you!
You feel your attacks grow feeble. The gnoll bouda closely misses you.
The shadow imp barely misses you. The gnoll closely misses you.
You closely miss the gnoll bouda.
The gnoll bouda is lightly wounded.
You hit the shadow imp but do no damage.
The gnoll bouda barely misses you.
The shadow imp hits you but does no damage.
The gnoll hits you from afar with a +0 spear.
You closely miss the gnoll bouda. Your kick misses the gnoll bouda.
You peck the gnoll bouda, but do no damage.
The gnoll bouda is lightly wounded.
You hit the shadow imp but do no damage.
The gnoll bouda misses you. The shadow imp barely misses you.
The gnoll barely misses you.
You hit the gnoll bouda. Your kick misses the gnoll bouda.
The gnoll bouda is moderately wounded.
You hit the shadow imp but do no damage.
The gnoll bouda completely misses you. The shadow imp misses you.
The gnoll closely misses you.
You hit the gnoll bouda. Your kick misses the gnoll bouda.
The gnoll bouda is heavily wounded.
You hit the shadow imp. The gnoll bouda misses you. The shadow imp hits you.
The gnoll hits you from afar with a +0 spear.
You die...

#........(.<###..##~.~##..#.###
#.####..(...##..##~~.~ยค##.....#
#.# #.....##..##~~...~~##...##
#.# #.....##[.##~.....~##...#
#.####.....##.##8_.._.?_8##..#
###>............######8######...
+............#..# ### #.##
##############..## #.# ##)@#
##g5# ##.g.. #..... ......
...... ..... .....


You could see a gnoll bouda, a gnoll (swift) and a shadow imp.

Vanquished Creatures
  A centaur (D:5)
  An iguana (D:5)
  2 gnolls (D:5)
  4 adders (D:2)
  An ufetubus (D:4)
  4 worms
  2 dart slugs (D:1)
  2 orcs
  4 ball pythons
  A bat (D:3)
  6 endoplasms
  4 goblins
  3 hobgoblins
  10 jackals
  2 quokkas (D:3)
  2 frilled lizards
  2 kobolds (D:1)
  4 rats
55 creatures vanquished.

Notes
Turn   | Place    | Note
-------+----------+-------------------------------------------
     0 | D:1      | qw the Tengu Warper began the quest for the Orb.
     0 | D:1      | Reached XP level 1. HP: 12/12 MP: 4/4
     0 | D:1      | 0 ||| qw: Version: 0.1-a-89-g26bdef1
     0 | D:1      | 0 ||| qw: Game counter: 1780
     0 | D:1      | 0 ||| qw: Always use a shield: true
     0 | D:1      | 0 ||| qw: God list: Okawaru
     0 | D:1      | 0 ||| qw: Allow faded altars: false
     0 | D:1      | 0 ||| qw: Do Orc after D:15 true
     0 | D:1      | 0 ||| qw: Do second Lair branch before Depths: true
     0 | D:1      | 0 ||| qw: Lair rune preference: random
     0 | D:1      | 0 ||| qw: Plans: Normal
     0 | D:1      | 0 ||| PLANNING D:1-11
   360 | D:1      | Reached skill level 3 in Axes
   360 | D:1      | Reached XP level 2. HP: 16/17 MP: 6/6
   909 | D:1      | 909 ||| READING scroll labelled DYRCHY HUCVYI.
   914 | D:1      | 914 ||| READING scroll labelled XAADOGUFIE.
   915 | D:1      | 915 ||| READING scroll labelled HOOTOC XAANEA.
   916 | D:1      | 916 ||| READING scroll labelled XOYSEH POEFFA.
   917 | D:1      | 917 ||| READING 2 scrolls labelled GEKHLI BIUWA.
   918 | D:1      | 918 ||| DRINKING 2 blue potions.
   919 | D:1      | 919 ||| DROPPING scroll of blinking.
  1203 | D:2      | Reached XP level 3. HP: 21/21 MP: 7/7
  1303 | D:2      | Reached skill level 4 in Axes
  1304 | D:2      | HP: 5/21 [goblin/+0 dagger (3)]
  1305 | D:2      | 1305 ||| READING scroll of teleportation.
  1308 | D:2      | 1308 ||| FLEEEEING.
  1962 | D:2      | Reached XP level 4. HP: 23/26 MP: 8/8
  2227 | D:2      | Found a broken altar of Ashenzari.
  2304 | D:2      | Reached skill level 5 in Axes
  2343 | D:2      | Found a faded altar of an unknown god.
  2408 | D:2      | 2408 ||| READING scroll labelled ZUHU ECKIETS.
  2409 | D:2      | 2409 ||| READING scroll labelled WYZYFO ODIHUPP.
  2552 | D:2      | 2552 ||| DRINKING 2 purple potions.
  2653 | D:2      | 2653 ||| DROPPING potion of ambrosia.
  2670 | D:3      | 2670 ||| STAIRDANCE
  2710 | D:3      | 2710 ||| Stepping ~*~*~tactically~*~*~ (stealth).
  2721 | D:3      | HP: 6/26 [quokka (3)]
  3003 | D:3      | Found an opulent altar of Gozag.
  3065 | D:3      | Found a shadowy altar of Dithmenos.
  3071 | D:3      | 3071 ||| Stepping ~*~*~tactically~*~*~ (stealth).
  3133 | D:3      | 3133 ||| Stepping ~*~*~tactically~*~*~ (stealth).
  3260 | D:3      | Found a stormy altar of Qazlal.
  3432 | D:3      | 3432 ||| READING scroll labelled VULEITTOXTA.
  3433 | D:3      | 3433 ||| DRINKING 2 yellow potions.
  3941 | D:4      | 3941 ||| DROPPING +3 mace.
  4247 | D:4      | 4247 ||| UPGRADING to +0 scale mail.
  4257 | D:4      | 4257 ||| DROPPING +0 leather armour.
  4258 | D:4      | 4258 ||| UPGRADING to amulet of regeneration.
  4263 | D:4      | 4263 ||| UPGRADING to ring of willpower.
  4264 | D:4      | 4264 ||| READING scroll labelled PIELAA ZURO.
  4265 | D:4      | 4265 ||| READING scroll labelled HYOTA TEORIO.
  4266 | D:4      | 4266 ||| DRINKING 2 glowing blue potions.
  4318 | D:4      | 4318 ||| READING 3 scrolls of identify.
  4318 | D:4      | 4318 ||| IDENTIFYING ruby potion
  4319 | D:4      | 4319 ||| READING 2 scrolls of identify.
  4319 | D:4      | 4319 ||| IDENTIFYING fizzy purple potion
  4320 | D:4      | 4320 ||| DROPPING potion of brilliance.
  4321 | D:4      | 4321 ||| DROPPING potion of lignification.
  4332 | D:5      | Entered Level 5 of the Dungeon
  4433 | D:5      | HP: 4/26 [iguana (8)]
  4434 | D:5      | 4434 ||| READING scroll of teleportation.
  4435 | D:5      | 4435 ||| DRINKING potion of heal wounds.
  4439 | D:5      | Gained mutation: Your magical nature lets you fly swiftly
                  | and evasively. [Tengu growth]
  4439 | D:5      | Reached XP level 5. HP: 9/30 MP: 9/9
  4470 | D:5      | Found a sacrificial altar of Ru.
  4470 | D:5      | Found a basalt altar of Yredelemnul.
  4471 | D:5      | Found a shimmering altar of Xom.
  4479 | D:5      | Noticed a centaur
  4480 | D:5      | 4480 ||| Stepping ~*~*~tactically~*~*~ (hiding).
  4482 | D:5      | 4482 ||| Stepping ~*~*~tactically~*~*~ (hiding).
  4492 | D:5      | HP: 6/30 [centaur (6)]
  4495 | D:5      | Killed a centaur
  4496 | D:5      | Reached skill level 6 in Axes
  4569 | D:5      | 4569 ||| Stepping ~*~*~tactically~*~*~ (hiding).
  4571 | D:5      | 4571 ||| Stepping ~*~*~tactically~*~*~ (hiding).
  4580 | D:5      | Reached XP level 6. HP: 10/35 MP: 10/10
  4581 | D:5      | HP: 6/35 [gnoll/+0 spear[a gnoll bouda] (6)]
  4581 | D:5      | HP: 1/35 [gnoll bouda/+0 club (5)]
  4586 | D:5      | HP: 3/35 [shadow imp (1)]
  4586 | D:5      | Slain by a gnoll

Levels and vault maps discovered:
D:1:      dpeg_arrival_orchard, layout_basic, minivault_26
D:2:      layout_basic, ebering_ecumenical_altar_hall, basic_altar,
          minmay_tall_x
D:3:      layout_rooms, grunt_gozag_breadcrumbs, mainiacjoe_overflow_alcove_1,
          mainiacjoe_overflow_tiny_flanked
D:4:      layout_basic
D:5:      layout_basic, gammafunk_temple_overflow_claw, uniq_pikel

Skill      XL: |  1  2  3  4  5 |
---------------+----------------+-----
Axes           | 3 4 5 6 |  6.7
Fighting       | |  2.0
Throwing       | |  1.0
Armour         | |  1.1
Dodging        | |  2.1
Spellcasting   | |  2.0
Translocations | |  2.4

Action                   |  1- 3 |  4- 6 || total
-------------------------+-------+-------++-------
Melee: Hand axe          |    70 |   100 ||   170
       Kick              |    13 |    18 ||    31
       Peck              |    12 |    14 ||    26
       Punch             |     2 |     1 ||     3
Throw: Boomerang         |     7 |     2 ||     9
  Use: Scroll            |     6 |     8 ||    14
       Potion            |     1 |     4 ||     5
Armor: Leather armour    |    13 |    12 ||    25
       Scale mail        |       |    17 ||    17
Dodge: Dodged            |    22 |    72 ||    94

Table legend:
 A = Non-vault XP
 B = Vault XP
 C = Vault XP percentage of total XP
 D = Non-vault monster count
 E = Vault monster count
 F = Vault count percentage of total count
                 A         B        C        D         E       F
            +---------+---------+-------+---------+---------+-------
      Total |     328 |      11 |   3.2 |      51 |       4 |   7.3
            +---------+---------+-------+---------+---------+-------
        D:1 |      27 |       0 |   0.0 |      13 |       0 |   0.0
        D:2 |      82 |      11 |  11.8 |      19 |       4 |  17.4
        D:3 |      27 |       0 |   0.0 |      11 |       0 |   0.0
        D:4 |      12 |       0 |   0.0 |       3 |       0 |   0.0
        D:5 |     180 |       0 |   0.0 |       5 |       0 |   0.0
            +---------+---------+-------+---------+---------+-------
